 Dungeon Crawl Stone Soup version 0.31-a0-178-g96ec847f19 (webtiles) character file.

Game seed: 1240921552059847881

273 qw the Chopper (level 6, -5/38 HPs)
             Began as a Gargoyle Fighter on June 18, 2023.
             Slain by a gnoll sergeant
             ... wielding a +0 spear
              (6 damage)
             ... on level 4 of the Dungeon.
             The game lasted 00:01:30 (2794 turns).

qw the Chopper (Gargoyle Fighter)                   Turns: 2794, Time: 00:01:31

Health: -5/38      AC: 12    Str: 21    XL:     6   Next: 24%
Magic:  6/6        EV:  9    Int:  9    God:
Gold:   168        SH:  4    Dex:  9    Spells: 5/5 levels left

rFire   + . .        Y - +0 war axe (chaos)
rCold   . . .        c - +0 buckler
rNeg    + . .        b - +0 scale mail
rPois   inf          (no helmet)
rElec   +            (no cloak)
rCorr   .            (no gloves)
SInv    .            k - +0 pair of boots
Will    .....        n - amulet of faith Stlth
                     g - ring of protection from fire
HPRegen 0.26/turn    (no ring)
MPRegen 0.10/turn

%: faith
@: no status effects
A: sickness immunity, AC +4, negative energy resistance 1, electricity
resistance, torment resistance 1, petrification resistance
a: no special abilities


You were on level 4 of the Dungeon.
You visited 1 branch of the dungeon, and saw 4 of its levels.

You collected 168 gold pieces.


Innate Abilities, Weirdness & Mutations

You are immune to sickness and miasma.
Your stone body is resilient. (AC +4)
You are immune to poison.
You resist negative energy. (rN+)
You are resistant to electric shocks. (rElec)
You are resistant to unholy torment.
You are immune to petrification.


   Skills:
 - Level 4.0 Fighting
 + Level 5.2 Axes
 - Level 3.2 Armour
 - Level 1.0 Dodging
 - Level 3.2 Shields


You had 5 spell levels left.
You didn't know any spells.
Your spell library was empty.

Inventory:

Hand Weapons
 f - a +0 flail
 Y - a +0 war axe of chaos (weapon)
Armour
 b - a +0 scale mail (worn)
 c - a +0 buckler (worn)
 k - a +0 pair of boots (worn)
Jewellery
 g - a ring of protection from fire (left hand)
 m - an amulet of the acrobat
 n - an amulet of faith (around neck)
Scrolls
 a - a scroll of identify
Potions
 d - 2 potions of might
 h - a potion of mutation
 i - a potion of heal wounds

Dungeon Overview and Level Annotations

Branches:
Dungeon (4/15)
 Temple: D:4-7

Altars:


Message History

You barely miss the gnoll.
The gnoll is severely wounded.
You hit the jackal.
You kill the jackal!
You hit the gnoll but do no damage. You closely miss the jackal.
The jackal bites you. The gnoll barely misses you.
The gnoll hits you with a +0 flail. The gnoll closely misses you.
The gnoll sergeant hits you from afar with a +0 spear.
The jackal bites you but does no damage.
You closely miss the gnoll.
The gnoll is severely wounded.
You closely miss the gnoll. You hit the jackal but do no damage.
The jackal bites you. The gnoll hits you with a +0 flail.
The gnoll completely misses you. The gnoll closely misses you.
The gnoll sergeant hits you but does no damage.
The jackal barely misses you.
You slash the gnoll! You burn the gnoll.
You kill the gnoll!
You hit the jackal but do no damage.
The jackal seems to grow stronger.
You hit the gnoll.
The gnoll sergeant hits you but does no damage.
The gnoll hits you but does no damage.
The gnoll hits you from afar with a +0 halberd!
The jackal bites you but does no damage.
The gnoll hits you with a +0 flail. The gnoll hits you but does no damage.
The gnoll sergeant closely misses you.
You hit the gnoll. You burn the gnoll.
The gnoll is severely wounded.
You hit the jackal. You burn the jackal.
The jackal bites you but does no damage.
The jackal barely misses you. The gnoll hits you with a +0 flail.
The gnoll hits you but does no damage.
The gnoll sergeant hits you from afar with a +0 spear.
You closely miss the jackal.
The jackal is almost dead.
You barely miss the gnoll. The jackal bites you. You block the gnoll's attack.
The gnoll hits you from afar with a +0 halberd!
The gnoll sergeant hits you from afar with a +0 spear.
You die...

........>..# #....#
...........######....#
.....<..%............#
........%............#
####.............)...#
#.................#
#.................#
#.................#
#...........h@g...#
#...........%))...#
.#.#..gg....#
.....<......#
.#.#........#
............#
............#
............#


You could see a gnoll sergeant, 2 gnolls and a jackal (strong).

Vanquished Creatures
  A phantom (D:3)
  Jessica (D:3)
  3 gnolls (D:4)
  9 adders
  A worm (D:2)
  2 orcs (D:3)
  3 ball pythons
  8 bats
  5 endoplasms
  3 giant cockroaches
  5 goblins
  6 hobgoblins
  3 jackals (D:4)
  A quokka (D:1)
  3 frilled lizards
  6 kobolds
  3 rats
63 creatures vanquished.

Notes
Turn   | Place    | Note
-------+----------+-------------------------------------------
     0 | D:1      | qw the Gargoyle Fighter began the quest for the Orb.
     0 | D:1      | Reached XP level 1. HP: 14/14 MP: 1/1
     0 | D:1      | 0 ||| qw: Version: 0.3-a-7-ge0c9b40
     0 | D:1      | 0 ||| qw: Game counter: 871
     0 | D:1      | 0 ||| qw: Always use a shield: true
     0 | D:1      | 0 ||| qw: God list: Okawaru
     0 | D:1      | 0 ||| qw: Allow faded altars: false
     0 | D:1      | 0 ||| qw: Do Orc after D:15 true
     0 | D:1      | 0 ||| qw: Do second Lair branch before Depths: true
     0 | D:1      | 0 ||| qw: Lair rune preference: random
     0 | D:1      | 0 ||| qw: Plans: Normal, Zot:1-4, Slime:5, God:TSO, Crypt,
                  | Tomb, Abyss, Pan, Hells, Win
     0 | D:1      | 0 ||| PLANNING D:1-11
    56 | D:1      | Reached skill level 2 in Axes
   276 | D:1      | Reached XP level 2. HP: 19/19 MP: 2/2
   646 | D:1      | Reached skill level 3 in Axes
   757 | D:1      | Reached XP level 3. HP: 23/23 MP: 3/3
   932 | D:1      | 932 ||| READING 4 scrolls labelled ATONLE DAYV.
   933 | D:1      | 933 ||| READING scroll labelled NAMELE ZIESAR.
   934 | D:1      | 934 ||| READING scroll labelled HOC FINIORI.
   935 | D:1      | 935 ||| READING 3 scrolls of identify.
   935 | D:1      | 935 ||| IDENTIFYING golden potion
  1042 | D:2      | 1042 ||| DROPPING +0 club.
  1471 | D:2      | 1471 ||| Stepping ~*~*~tactically~*~*~ (stealth).
  1619 | D:2      | Reached XP level 4. HP: 26/28 MP: 4/4
  1801 | D:2      | 1801 ||| UPGRADING to ring of protection from fire.
  1802 | D:2      | 1802 ||| READING scroll labelled ALEDOC BOEHEODD.
  1803 | D:2      | 1803 ||| READING scroll labelled WIOZEM VYPUMNO.
  1830 | D:3      | Reached skill level 4 in Axes
  1879 | D:3      | 1879 ||| Stepping ~*~*~tactically~*~*~ (stealth).
  1933 | D:3      | Noticed a phantom
  1934 | D:3      | 1934 ||| FLEEEEING.
  1941 | D:3      | 1941 ||| FLEEEEING.
  1960 | D:3      | Killed a phantom
  1961 | D:3      | Reached XP level 5. HP: 29/32 MP: 5/5
  2074 | D:3      | Reached skill level 5 in Axes
  2097 | D:3      | Found a faded altar of an unknown god.
  2280 | D:3      | 2280 ||| Stepping ~*~*~tactically~*~*~ (stealth).
  2297 | D:3      | 2297 ||| Stepping ~*~*~tactically~*~*~ (stealth).
  2385 | D:3      | Noticed Jessica
  2391 | D:3      | Killed Jessica
  2526 | D:3      | 2526 ||| Stepping ~*~*~tactically~*~*~ (stealth).
  2588 | D:3      | 2588 ||| UPGRADING to +0 pair of boots.
  2593 | D:3      | 2593 ||| UPGRADING to amulet of the acrobat.
  2598 | D:3      | 2598 ||| UPGRADING to amulet of faith.
  2608 | D:3      | 2608 ||| READING scroll labelled TOTIGA WIKHEP.
  2609 | D:3      | 2609 ||| READING scroll labelled SUITISTRUAL.
  2610 | D:3      | 2610 ||| READING scroll labelled MIONET WIODICA.
  2614 | D:3      | 2614 ||| READING 2 scrolls of identify.
  2614 | D:3      | 2614 ||| IDENTIFYING emerald potion
  2641 | D:4      | 2641 ||| STAIRDANCE
  2659 | D:3      | 2659 ||| Stepping ~*~*~tactically~*~*~ (stealth).
  2679 | D:4      | Reached XP level 6. HP: 38/38 MP: 6/6
  2683 | D:4      | Reached skill level 1 in Dodging
  2685 | D:4      | 2685 ||| FLEEEEING.
  2687 | D:4      | 2687 ||| STAIRDANCE
  2693 | D:3      | 2693 ||| FLEEEEING.
  2697 | D:3      | 2697 ||| FLEEEEING.
  2781 | D:4      | 2781 ||| DROPPING +0 mace.
  2794 | D:4      | HP: 1/38 [gnoll/+0 halberd[a gnoll sergeant] (10)]
  2794 | D:4      | Slain by a gnoll sergeant

Levels and vault maps discovered:
D:1:      minmay_arrival_solitary_statue, layout_loops_corners,
          roderic_filled_cross, minmay_indecisive_spiral
D:2:      layout_basic, grunt_ministairs_5, nicolae_hexahallways
D:3:      layout_loops_ring, basic_ecumenical_altar, uniq_jessica
D:4:      layout_gridville, kennysheep_mini_moat, serial_glass, glass_columns_a,
          glass_columns_b, glass_columns_a, glass_columns_a, glass_columns_a,
          glass_columns_b, glass_columns_a, glass_columns_b, glass_columns_c,
          glass_columns_a, due_unseen_surprise

Skill      XL: |  1  2  3  4  5  6 |
---------------+-------------------+-----
Axes           | 2 3 4 5 |  5.2
Fighting       | 4 |  4.0
Dodging        | 1 |  1.0
Armour         | |  3.2
Shields        | |  3.2

Action                     |  1- 3 |  4- 6 || total
---------------------------+-------+-------++-------
  Melee: War axe           |   117 |   113 ||   230
    Use: Scroll            |     4 |     6 ||    10
 Armour: Scale mail        |    77 |    62 ||   139
  Dodge: Dodged            |    57 |    57 ||   114
  Block: Buckler           |    19 |    24 ||    43

Table legend:
 A = Non-vault XP
 B = Vault XP
 C = Vault XP percentage of total XP
 D = Non-vault monster count
 E = Vault monster count
 F = Vault count percentage of total count
                 A         B        C        D         E       F
            +---------+---------+-------+---------+---------+-------
      Total |     333 |      58 |  14.8 |      56 |       7 |  11.1
            +---------+---------+-------+---------+---------+-------
        D:1 |      28 |       6 |  17.6 |      16 |       4 |  20.0
        D:2 |      45 |      15 |  25.0 |      12 |       2 |  14.3
        D:3 |     183 |      37 |  16.8 |      20 |       1 |   4.8
        D:4 |      77 |       0 |   0.0 |       8 |       0 |   0.0
            +---------+---------+-------+---------+---------+-------
